 Dungeon Crawl Stone Soup version 0.31-a0-940-gdaa99269f9 (webtiles) character file.

Game seed: 12603003203956432597

90 Dirtsage the Chopper (level 4, 0/35 HPs)
             Began as a Demonspawn Fighter on Oct 20, 2023.
             Succumbed to an adder's poison
             ... on level 3 of the Dungeon.
             The game lasted 00:04:06 (1804 turns).

Dirtsage the Chopper (Demonspawn Fighter)           Turns: 1804, Time: 00:04:07

Health: 0/35       AC:  0    Str: 19    XL:     4   Next: 32%
Magic:  4/4        EV: 13    Int:  9    God:
Gold:   118        SH:  0    Dex: 12    Spells: 3/3 levels left

rFire   . . .        a - melded +0 war axe
rCold   . . .        c - melded +0 buckler
rNeg    . . .        b - melded +0 scale mail
rPois   .            (helmet currently unavailable)
rElec   .            (cloak currently unavailable)
rCorr   .            h - melded +0 pair of gloves
SInv    .            (boots currently unavailable)
Will    .....        k - amulet of magic regeneration
Stlth   +            S - melded ring of see invisible
HPRegen 0.25/turn    (ring currently unavailable)
MPRegen 0.49/turn

%: no passive effects
@: lethally poisoned (0 -> -6), pig-form (expiring), very quick
A: fast, no casting, small, demonic magic 1, (weakness stinger 1)
a: no special abilities


You were on level 3 of the Dungeon.
You were a filthy swine.
You visited 1 branch of the dungeon, and saw 3 of its levels.

You collected 118 gold pieces.

Inventory:

Hand Weapons
 a - a +0 war axe (melded)
Armour
 b - a +0 scale mail (melded)
 c - a +0 buckler (melded)
 h - a +0 pair of gloves (melded)
Jewellery
 k - an amulet of magic regeneration (around neck)
 S - a ring of see invisible (melded)
Scrolls
 e - a scroll of amnesia {unknown}
 f - a scroll of immolation {unknown}
 i - a scroll of vulnerability {unknown}
 j - 2 scrolls of teleportation {unknown}
 l - 2 scrolls of poison {unknown}
 m - a scroll of fear {unknown}
 o - a scroll of identify {unknown}
Potions
 d - 3 potions of might
 g - a potion of heal wounds {unknown}
 n - 2 potions of mutation {unknown}


   Skills:
 - Level 3.0 Fighting
 + Level 4.2 Axes
 - Level 2.6 Armour
 - Level 2.6 Shields


You had 3 spell levels left.
You didn't know any spells.
Your spell library was empty.

Dungeon Overview and Level Annotations

Branches:
Dungeon (3/15)

Altars:

Annotations:
D:3 Sigmund


Innate Abilities, Weirdness & Mutations

You are a filthy swine.
You move quickly.
Your equipment is almost entirely melded.
You are incapable of wielding weapons or throwing items.
You cannot cast spells.
Spells you cast may paralyse adjacent enemies.
((You have a small tail.))


Message History

An endoplasm comes into view.
You bump into the rock wall.
Something barely misses you.
You feel less confused.
The endoplasm attacks as it pursues you!
The endoplasm misses you.
An adder comes into view.
The adder hisses angrily.
The endoplasm hits you. Something hits you!
You take 8 damage, and have 26/35 hp.
MASSIVE DAMAGE!!
You hit the endoplasm.
The endoplasm is heavily wounded.
The endoplasm barely misses you.
You hit the endoplasm but do no damage.
The endoplasm is heavily wounded.
The endoplasm closely misses you. Something hits you.
You take 6 damage, and have 20/35 hp.
You hit the endoplasm but do no damage.
The endoplasm is heavily wounded.
The endoplasm freezes you.
You are frozen.
You take 4 damage, and have 16/35 hp.
You hit the endoplasm but do no damage.
The endoplasm is heavily wounded.
Something hits you!
* * * LOW HITPOINT WARNING * * *
The endoplasm barely misses you.
You take 10 damage, and have 6/35 hp.
MASSIVE DAMAGE!!
You hit the endoplasm.
You kill the endoplasm!
Your transformation is almost over.
The adder barely misses you. Something hits you.
* * * LOW HITPOINT WARNING * * *
You take 2 damage, and have 4/35 hp.
The adder attacks as it pursues you! The adder bites you.
* * * LOW HITPOINT WARNING * * *
You are lethally poisoned!
The adder poisons you!
You take 2 damage, and have 2/35 hp.
You miss something.
You die...

#.# #.#S#.#.#.#.# #.#
#.#.#.#(#+##### #.#.#
#.#.#.#......... #.#.#
#.#.#.#.#........
#.#.#.#.#.#.#.........
#.#.#.#.#.#.#........
#.#.#.#.#.#.........
#.#S#.#.#.#.#.#.#####
#.#.#h#.#.#.#.#.#.#
#.#.#.#{#.#.#.#.#.##
#.#.#.#.#.#.#.#.#.#.#
#.#.#.#.#.#.#.#.#.#.##
#.#.#.#.#.#.#.#.#.#.#.#
.#.#.#.#.#.#.#.......##
.#.#.#.#.#.#.#.......#
.#.#.#.....$.......##
.#.#.#.... #.......#


You could see an adder.

Vanquished Creatures
  3 adders (D:2)
  A worm (D:2)
  8 bats
  4 endoplasms
  2 goblins
  7 hobgoblins
  3 jackals (D:2)
  7 kobolds
  2 quokkas (D:1)
  8 ball pythons
  4 frilled lizards
  8 rats
57 creatures vanquished.

Notes
Turn   | Place    | Note
-------+----------+-------------------------------------------
     0 | D:1      | Dirtsage the Demonspawn Fighter began the quest for the
                  | Orb.
     0 | D:1      | Reached XP level 1. HP: 18/18 MP: 1/1
    24 | D:1      | Reached skill level 2 in Axes
   237 | D:1      | Gained mutation: You have a small tail. [demonic ancestry]
   237 | D:1      | Reached XP level 2. HP: 24/24 MP: 2/2
   456 | D:1      | Reached skill level 3 in Axes
   466 | D:1      | Found a faded altar of an unknown god.
   815 | D:1      | Reached XP level 3. HP: 28/29 MP: 3/3
  1355 | D:2      | Reached skill level 4 in Axes
  1355 | D:2      | Gained mutation: Spells you cast may paralyse adjacent
                  | enemies. [demonic ancestry]
  1355 | D:2      | Reached XP level 4. HP: 35/35 MP: 4/4
  1732 | D:3      | Identified the of Feoppesa
  1784 | D:3      | Noticed Sigmund
  1804 | D:3      | Succumbed to an adder's poison

Illustrated notes

Levels and vault maps discovered:
D:1:      dpeg_arrival_leaves_temple_mockup, layout_basic,
          basic_ecumenical_altar
D:2:      minmay_thinvault, layout_rooms, basic_altar
D:3:      layout_basic, demons_altar, mainiacjoe_overflow_surrounded_room,
          led_sif_book, uniq_grinder, uniq_sigmund

Skill      XL: |  1  2  3 |
---------------+----------+-----
Axes           | 2 3 4 |  4.2
Fighting       | |  3.0
Armour         | |  2.6
Shields        | |  2.6

Action                     |  1- 3 |  4- 6 || total
---------------------------+-------+-------++-------
  Melee: War axe           |   115 |    22 ||   137
         Tailslap          |     8 |     1 ||     9
         Unarmed           |       |     6 ||     6
 Armour: Scale mail        |    85 |    15 ||   100
         Skin              |       |     6 ||     6
  Dodge: Dodged            |    50 |    21 ||    71
  Block: Buckler           |    25 |     7 ||    32

Table legend: (Time is in decaauts)
 A = Elapsed time spent in this place.
 B = Non-inter-level travel time spent in this place.
 C = Inter-level travel time spent in this place.
 D = Time resting spent in this place.
 E = Time spent auto-exploring this place.
 F = Levels seen in this place.
 G = Mean time per level.
                   A        B        C        D        E       F      G
               +--------+--------+--------+--------+--------+-----+--------+
         Total |   1852 |   1746 |    106 |      0 |   1388 |   3 |  617.3 |
       Dungeon |   1852 |   1746 |    106 |      0 |   1388 |   3 |  617.3 |
               +--------+--------+--------+--------+--------+-----+--------+

Top non-repeatable levels by time:
     D:1: 973 daAuts
     D:2: 809 daAuts
     D:3: 68 daAuts
